 Dungeon Crawl Stone Soup version 0.26.0-18-gc5c842f807 (webtiles) character file.

Game seed: 547636097743864527

1440 kaeus the Conjurer (level 8, -8/41 HPs)
             Began as a Gargoyle Fire Elementalist on Jan 24, 2021.
             Mangled by a black bear (11 damage)
             ... on level 7 of the Dungeon.
             The game lasted 00:09:13 (8942 turns).

kaeus the Conjurer (Gargoyle Fire Elementalist)     Turns: 8942, Time: 00:09:13

Health: -8/41      AC:  8    Str: 13    XL:     8   Next: 74%
Magic:  14/14      EV: 12    Int: 17    God:
Gold:   410        SH:  0    Dex: 10    Spells: 15/16 levels left

rFire    . . .     SeeInvis .   t - +0 war axe
rCold    . . .     Faith    .   (no shield)
rNeg     + . .     Spirit   .   a - +0 robe
rPois    ∞         Reflect  .   r - +0 helmet
rElec    +         Harm     .   (no cloak)
rCorr    .         Rampage  .   (no gloves)
Will     .....                  (no boots)
Stlth    ++........             h - amulet of the acrobat
HPRegen  0.13/turn              (no ring)
MPRegen  0.14/turn              (no ring)

@: hasted, very quick
A: negative energy resistance 1, electricity resistance, unbreathing,
petrification resistance, miasma immunity, AC +5
a: no special abilities


You were on level 7 of the Dungeon.
You visited 2 branches of the dungeon, and saw 8 of its levels.

You collected 410 gold pieces.

Inventory:

Hand Weapons
 d - a +0 short sword
 t - a +0 war axe (weapon)
Armour
 a - a +0 robe (worn)
 r - a +0 helmet (worn)
Magical Staves
 u - an uncursed staff of poison
Jewellery
 h - an amulet of the acrobat (around neck)
 y - an uncursed ring of see invisible {unknown}
Wands
 v - a wand of paralysis (9)
Scrolls
 b - 2 scrolls of immolation
 e - 12 scrolls of identify
 f - 7 scrolls of teleportation
 l - 2 scrolls of enchant weapon {unknown}
 m - a scroll of blinking
 n - a scroll of magic mapping {unknown}
 o - a scroll of remove curse
 p - 2 scrolls of amnesia
 q - 2 scrolls of enchant armour {unknown}
 x - a scroll of fear {unknown}
Potions
 c - a potion of ambrosia {unknown}
 g - 4 potions of haste
 i - 4 potions of curing {unknown}
 j - a potion of berserk rage {unknown}
 k - 2 potions of resistance {unknown}
 s - 2 potions of attraction {unknown}
 w - a potion of heal wounds {unknown}


   Skills:
 - Level 1.5 Dodging
 - Level 2.1 Stealth
 + Level 4.6 Spellcasting
 * Level 7.3 Conjurations
 * Level 7.3 Fire Magic


You had 15 spell levels left.
You knew the following spells:

 Your Spells              Type           Power        Failure   Level
a - Foxfire               Conj/Fire      100%         1%          1

Your spell library contained the following spells:

 Spells                   Type           Power        Failure   Level
 Conjure Flame            Conj/Fire      28%          2%          3
 Sticky Flame             Conj/Fire      28%          8%          4
 Inner Flame              Hex/Fire       16%          10%         3
 Fireball                 Conj/Fire      14%          21%         5


Dungeon Overview and Level Annotations

Branches:
Dungeon (7/15)             Temple (1/1) D:5

Altars:
Ashenzari
Cheibriados
Dithmenos
Elyvilon
Fedhas
Gozag
Kikubaaqudgha
Makhleb
Okawaru
Qazlal
Ru
Sif Muna
Trog
Uskayaw
Vehumet
Wu Jian
Zin

Annotations:
D:4 1 runed translucent door, Crazy Yiuf


Innate Abilities, Weirdness & Mutations

You are resistant to torment.
Your stone body is resilient. (AC +5)
You are immune to poison.
You resist negative energy. (rN+)
You are resistant to electric shocks. (rElec)
You can survive without breathing.
You are immune to petrification.
You are immune to miasma.


Message History

You take 11 damage, and have 17/41 hp.
MASSIVE DAMAGE!!
You hit the black bear.
The black bear is almost dead.
The black bear bites you. The black bear claws you.
* * * LOW HITPOINT WARNING * * *
The black bear misses you. The black bear closely misses you. x2
The black bear claws you but does no damage.
You take 6 damage, and have 11/41 hp.
MP restored: 14 You hit the black bear but do no damage.
The black bear is almost dead.
The black bear bites you.
* * * LOW HITPOINT WARNING * * *
The black bear barely misses you. The black bear misses you.
The black bear barely misses you. The black bear claws you.
* * * LOW HITPOINT WARNING * * *
The black bear closely misses you.
You take 8 damage, and have 3/41 hp.
It was a potion of haste.
You feel yourself speed up. The black bear bites you!
You die...

##.## ..... #...#
... ... #.# #h# #@#
#.# #.# #.# #.#
###.#
############...#
#########
###..............#
#.......#
........#.####...##
#.#####.#


You could see a black bear (berserk).

Vanquished Creatures
  Eustachio (D:6)
  An ice beast (D:5)
  A sky beast (D:5)
  A necrophage (D:6)
  2 centaurs
  3 bullfrogs
  A jelly (D:7)
  8 orc priests
  2 hounds
  2 orc wizards (D:5)
  2 worker ants
  A hound skeleton (D:4)
  A worker ant zombie (D:6)
  4 gnolls (D:4)
  4 adders
  A shadow imp (D:3)
  2 white imps
  2 oozes
  An adder zombie (D:7)
  3 adder skeletons
  2 worms
  4 dart slugs
  4 leopard geckos
  17 orcs
  4 ball pythons
  7 bats
  7 giant cockroaches
  3 goblins
  3 hobgoblins
  7 jackals
  2 quokkas (D:3)
  4 frilled lizards
  3 kobolds (D:1)
  A leopard gecko skeleton (D:4)
  6 rats
117 creatures vanquished.

Vanquished Creatures (others)
  425 foxfires
425 creatures vanquished.

Grand Total: 542 creatures vanquished

Notes
Turn   | Place    | Note
-------+----------+-------------------------------------------
     0 | D:1      | kaeus the Gargoyle Fire Elementalist began the quest for
                  | the Orb.
     0 | D:1      | Reached XP level 1. HP: 10/10 MP: 3/3
   250 | D:1      | Reached XP level 2. HP: 15/15 MP: 0/5
   705 | D:1      | Reached XP level 3. HP: 19/19 MP: 0/6
  1168 | D:2      | Found a snail-covered altar of Cheibriados.
  3001 | D:3      | Reached XP level 4. HP: 24/24 MP: 2/7
  3896 | D:4      | Reached XP level 5. HP: 28/28 MP: 0/9
  4887 | D:4      | Reached XP level 6. HP: 23/32 MP: 7/10
  4984 | D:4      | Found a radiant altar of Vehumet.
  5481 | D:4      | Found a runed translucent door.
  5482 | D:4      | Noticed Crazy Yiuf
  5540 | D:4      | Reached skill level 5 in Fire Magic
  5649 | D:5      | Entered Level 5 of the Dungeon
  5932 | D:5      | Noticed an ice beast
  5937 | D:5      | Killed an ice beast
  5938 | D:5      | Reached skill level 5 in Conjurations
  5938 | D:5      | Reached XP level 7. HP: 36/36 MP: 6/12
  6078 | D:5      | Found a white marble altar of Elyvilon.
  6245 | D:5      | Found a staircase to the Ecumenical Temple.
  6281 | Temple   | Entered the Ecumenical Temple
  7075 | D:6      | Found a burning altar of Makhleb.
  7130 | D:5      | Reached XP level 8. HP: 26/41 MP: 3/14
  7389 | D:6      | Found a blossoming altar of Fedhas.
  7667 | D:6      | Noticed Eustachio
  7701 | D:6      | Killed Eustachio
  8942 | D:7      | Mangled by a black bear

Illustrated notes

Levels and vault maps discovered:
D:1:      lightli_molten_gateway, layout_basic, minmay_misc_feat_doors
D:2:      layout_basic, amcnicky_mini_rare_corridor_liquid,
          chequers_serial_rivers_large_a, cheibriados_altar_1
D:3:      layout_rooms, patterned_corridor
D:4:      layout_rooms, nicolae_overflow_hidden_temple, uniq_crazy_yiuf_cottage
D:5:      layout_cave_pods, nicolae_overflow_crystal_walls,
          minmay_temple_entry_ruins
D:6:      layout_basic, chequers_temple_overflow_statue_of_worship,
          uniq_eustachio
D:7:      layout_loops_corners, kennysheep_mini, lemuel_round_altar,
          serial_shops, shop
Temple:   dshaligram_water_room_temple

Skill      XL: |  1  2  3  4  5  6  7  8 |
---------------+-------------------------+-----
Conjurations   | 2 3 4 5 6 7 |  7.3
Fire Magic     | 4 5 6 7 |  7.3
Spellcasting   | 3 4 |  4.6
Dodging        | |  1.5
Stealth        | |  2.1

Action                   |  1- 3 |  4- 6 |  7- 9 || total
-------------------------+-------+-------+-------++-------
Melee: Whip              |     7 |       |       ||     7
       Short sword       |    37 |    82 |       ||   119
       Glaive            |       |       |    30 ||    30
       War axe           |       |       |    51 ||    51
 Cast: Foxfire           |    73 |    89 |   107 ||   269
  Use: Scroll            |       |     5 |       ||     5
       Potion            |       |       |     1 ||     1
Armor: Robe              |    12 |    37 |    58 ||   107
Dodge: Dodged            |    40 |    74 |   174 ||   288
